 Dungeon Crawl Stone Soup version 0.25-a0-356-g7c9d860b3b (webtiles) character file.

Game seed: 13603584586872380376, levelgen mode: deterministic

651 Inarius the Chopper (level 7, -3/52 HPs)
             Began as a Mummy Gladiator on Jan 3, 2020.
             Slain by an ogre
             ... wielding a +0 giant club
              (21 damage)
             ... on level 4 of the Dungeon.
             The game lasted 00:07:02 (5926 turns).

Inarius the Chopper (Mummy Gladiator)               Turns: 5926, Time: 00:07:02

Health: -3/52      AC: 12    Str: 20    XL:     7   Next: 28%
Magic:  7/7        EV:  6    Int:  7    God:
Gold:   153        SH:  0    Dex: 13    Spells: 6/6 levels left

rFire    x . .     SeeInvis .   a - +0 war axe
rCold    + . .     Gourm    .   (no shield)
rNeg     + + +     Faith    .   s - +0 plate armour
rPois    ∞         Spirit   .   c - +0 helmet
rElec    .         Reflect  .   (no cloak)
rCorr    .         Harm     .   (no gloves)
MR       .....                  (no boots)
Stlth    ..........             p - amulet of the acrobat
HPRegen  0.17/turn              b - ring of stealth
MPRegen  0.10/turn              i - ring of wizardry

@: no status effects
A: no food or potions, fire vulnerability, cold resistance 1, negative energy
resistance 3, torment resistance, unbreathing
a: no special abilities


You were on level 4 of the Dungeon.
You were not hungry.

You visited 1 branch of the dungeon, and saw 4 of its levels.

You collected 153 gold pieces.

Inventory:

Hand Weapons
 a - a +0 war axe (weapon)
 o - a +2 whip of freezing
Missiles
 d - a throwing net
 r - 2 boomerangs (quivered)
Armour
 c - a +0 helmet (worn)
 s - a +0 plate armour (worn)
Jewellery
 b - a ring of stealth (left hand)
 i - a ring of wizardry (right hand)
 p - an amulet of the acrobat (around neck)
Scrolls
 e - 3 scrolls of fog {unknown}
 f - a scroll of teleportation {unknown}
 g - a scroll of identify
 h - 3 scrolls of amnesia
 k - a scroll of magic mapping
 l - 2 scrolls of enchant armour
 m - a scroll of remove curse
 n - 3 scrolls of immolation


   Skills:
 + Level 3.3 Fighting
 * Level 5.9 Axes
 + Level 1.7 Throwing
 + Level 2.5 Armour
 - Level 2.4 Dodging


You had 6 spell levels left.
You didn't know any spells.
Your spell library was empty.

Dungeon Overview and Level Annotations

Branches:
Dungeon (4/15)
 Temple: D:4-7

Altars:
Elyvilon
Sif Muna

Annotations:
D:4 Sigmund


Innate Abilities, Weirdness & Mutations

You do not eat or drink.
Your flesh is vulnerable to fire.
You are immune to poison.
Your flesh is cold resistant. (rC+)
You are immune to negative energy. (rN+++)
You are immune to unholy pain and torment.
You can survive without breathing.


Message History

The ogre hits you with a +0 giant club!!
You hit the ogre.
The ogre is heavily wounded.
The ogre barely misses you.
You slash the ogre!
The ogre is almost dead.
The ogre hits you with a +0 giant club!
You are too injured to fight recklessly!
You are too injured to fight recklessly!
You are too injured to fight recklessly!
You are too injured to fight recklessly!
You are too injured to fight recklessly!
You are too injured to fight recklessly!
You are too injured to fight recklessly!
You are too injured to fight recklessly!
You are too injured to fight recklessly!
Your plate armour prevents you from hitting the ogre.
The ogre is almost dead.
The ogre hits you with a +0 giant club!!
You die...

### #.## ### #..# #...# #..#
....?# ##### #..##########
...... ##...## ##.#.....#...
......##.....####...........
....>..8....................
..........O@.####...........
.........<.8.##...........†.
.............#..............
.......8....................
...........##...............
...........##...............
..........###.............<.
#######.... ................
#####_ .............


You could see an ogre.

Vanquished Creatures
  Duvessa (D:3)
  A phantom (D:4)
  Dowan (D:3)
  2 orc priests (D:3)
  2 hounds (D:3)
  2 orc wizards (D:3)
  2 worker ants (D:3)
  4 gnolls (D:2)
  6 adders
  3 oozes
  An adder skeleton (D:4)
  4 worms
  3 dart slugs
  A leopard gecko (D:2)
  4 orcs (D:3)
  2 giant cockroaches (D:3)
  5 goblins
  8 hobgoblins
  6 jackals
  4 kobolds
  3 quokkas
  A ball python (D:2)
  3 bats
  6 frilled lizards
  7 rats
  12 plants (D:3)
94 creatures vanquished.

Notes
Turn   | Place    | Note
-------+----------+-------------------------------------------
     0 | D:1      | Inarius the Mummy Gladiator began the quest for the Orb.
     0 | D:1      | Reached XP level 1. HP: 16/16 MP: 1/1
    42 | D:1      | Reached XP level 2. HP: 19/22 MP: 2/2
   406 | D:1      | Reached skill level 3 in Axes
   927 | D:2      | Reached XP level 3. HP: 19/27 MP: 3/3
  1354 | D:2      | Reached XP level 4. HP: 33/34 MP: 4/4
  1500 | D:2      | Reached skill level 1 in Armour
  2215 | D:2      | Reached skill level 4 in Axes
  2655 | D:3      | Reached XP level 5. HP: 39/39 MP: 5/5
  2785 | D:3      | Found a white marble altar of Elyvilon.
  3817 | D:4      | Noticed an ogre
  4073 | D:4      | Noticed a phantom
  4096 | D:3      | Reached XP level 6. HP: 38/47 MP: 6/6
  4163 | D:4      | Noticed Duvessa
  4163 | D:4      | Noticed Dowan
  4204 | D:3      | Killed Duvessa
  4204 | D:3      | Reached skill level 5 in Axes
  4280 | D:3      | Killed Dowan
  5120 | D:3      | Reached XP level 7. HP: 22/52 MP: 7/7
  5309 | D:4      | Noticed Sigmund
  5687 | D:4      | Found a shimmering blue altar of Sif Muna.
  5926 | D:4      | Slain by an ogre

Levels and vault maps discovered:
D:1:      dpeg_arrival_chambers_temple_mockup, layout_basic,
          chequers_serial_rivers_marsh
D:2:      layout_basic, minmay_misc_feat_columns
D:3:      layout_loops_ring, overflow_temple_1_default, wad_woods_river_04
D:4:      layout_rooms, vehumet_statue, overflow_temple_1_default, first_ration,
          hangedman_abyss_or_decor_stagger, grunt_ministairs_1,
          cheibriados_altar_1, uniq_duvessa, uniq_sigmund

Skill      XL: |  1  2  3  4  5  6 |
---------------+-------------------+-----
Axes           | 3 4 5 |  5.9
Armour         | 1 2 |  2.5
Fighting       | 3 |  3.3
Throwing       | |  1.7
Dodging        | |  2.4

Action                   |  1- 3 |  4- 6 |  7- 9 || total
-------------------------+-------+-------+-------++-------
Melee: War axe           |    81 |   380 |    62 ||   523
Throw: Throwing net      |       |     1 |     1 ||     2
       Boomerang         |       |       |    13 ||    13
  Use: Scroll            |       |     9 |     1 ||    10
 Stab: Held in net/web   |       |       |     1 ||     1
Armor: Leather armour    |     2 |       |       ||     2
       Ring mail         |    28 |    12 |       ||    40
       Chain mail        |       |    39 |       ||    39
       Plate armour      |       |    64 |    32 ||    96
Dodge: Dodged            |    60 |   105 |    15 ||   180

Table legend:
 A = Non-vault XP
 B = Vault XP
 C = Vault XP percentage of total XP
 D = Non-vault monster count
 E = Vault monster count
 F = Vault count percentage of total count
                 A         B        C        D         E       F
            +---------+---------+-------+---------+---------+-------
      Total |     685 |     245 |  26.3 |      79 |       3 |   3.7
            +---------+---------+-------+---------+---------+-------
        D:1 |      35 |       0 |   0.0 |      18 |       0 |   0.0
        D:2 |     138 |       0 |   0.0 |      28 |       0 |   0.0
        D:3 |     357 |     245 |  40.7 |      26 |       3 |  10.3
        D:4 |     155 |       0 |   0.0 |       7 |       0 |   0.0
            +---------+---------+-------+---------+---------+-------
